 Dungeon Crawl Stone Soup version 0.25.0-46-gbd7b0854d2 (webtiles) character file.

Game seed: 7563392950095633892

3198 Delamore the Basher (level 9, 0/51 HPs)
             Began as a Gargoyle Fighter on July 13, 2020.
             Slain by a big kobold
             ... wielding the +4 whip of a Gauntlet {distort, Dex+4}
              (4 damage)
             ... on level 5 of the Dungeon.
             The game lasted 00:10:53 (6407 turns).

Delamore the Basher (Gargoyle Fighter)              Turns: 6407, Time: 00:10:54

Health: 0/51       AC: 14    Str: 23    XL:     9   Next: 96%
Magic:  9/9        EV:  7    Int:  9    God:
Gold:   284        SH:  9    Dex:  9    Spells: 8/8 levels left

rFire    + + .     SeeInvis .   a - +0 flail
rCold    + . .     Gourm    .   c - +0 kite shield
rNeg     + . .     Faith    .   b - +0 scale mail
rPois    ∞         Spirit   .   (no helmet)
rElec    +         Reflect  .   (no cloak)
rCorr    +         Harm     .   (no gloves)
MR       .....                  (no boots)
Stlth    ..........             v - amulet of the acrobat
HPRegen  0.17/turn              i - ring of protection from fire
MPRegen  0.11/turn              (no ring)

@: resistant
A: negative energy resistance 1, sense surroundings 1, shaggy fur 1, electricity
resistance, unbreathing, petrification resistance, rot immunity, AC +6
a: no special abilities


You were on level 5 of the Dungeon.
You were very hungry.

You visited 1 branch of the dungeon, and saw 5 of its levels.
You visited the Abyss 1 time.

You collected 284 gold pieces.

Inventory:

Hand Weapons
 a - a +0 flail (weapon)
Missiles
 k - 5 atropa-tipped darts (quivered)
 p - 7 curare-tipped darts
 q - 4 javelins
Armour
 b - a +0 scale mail (worn)
 c - a +0 kite shield (worn)
 y - a +0 buckler
Jewellery
 e - an uncursed amulet of faith
 i - a ring of protection from fire (left hand)
 v - an amulet of the acrobat (around neck)
Wands
 t - a wand of iceblast (8)
 w - a wand of random effects (12)
 x - a wand of flame (26)
Scrolls
 h - a scroll of remove curse
 j - 2 scrolls of immolation
 s - 3 scrolls of identify
Potions
 d - a potion of might
 l - a potion of mutation
Miscellaneous
 z - a tin of tremorstones (3/3)
Comestibles
 f - 12 rations


   Skills:
 - Level 3.2 Fighting
 + Level 13.2 Maces & Flails
 - Level 3.2 Armour
 - Level 3.2 Shields


You had 8 spell levels left.
You didn't know any spells.
Your spell library was empty.

Dungeon Overview and Level Annotations

Branches:
Dungeon (5/15)
 Temple: D:4-7

Altars:
Cheibriados

Portals:
Abyss: D:5

Annotations:
D:5 1 transporter


Innate Abilities, Weirdness & Mutations

You are resistant to torment.
Your stone body is resilient. (AC +6)
You are immune to poison.
You resist negative energy. (rN+)
You are resistant to electric shocks. (rElec)
You can survive without breathing.
You are immune to petrification.
You are immune to rotting.
You passively map a small area around you.
You are covered in fur. (AC +1)


Message History

You sock the big kobold!
The big kobold is heavily wounded.
You hit the big kobold.
The big kobold is severely wounded.
You block the big kobold's attack.
You hit the big kobold.
The big kobold is severely wounded.
The big kobold drinks a potion.
The big kobold is healed!
You completely miss the big kobold.
The big kobold is moderately wounded.
You block the big kobold's attack.
You hit the big kobold.
The big kobold is heavily wounded.
The big kobold hits you with the +4 whip of a Gauntlet {distort, Dex+4}.
* * * LOW HITPOINT WARNING * * *
You sock the big kobold!
The big kobold is almost dead.
The big kobold hits you but does no damage.
Space bends around you.
You die...

##.# #.#
########.########
#.....##.#.......
###...............>
###...##...#.........
##...©####....###.....
#..####..##..##K#.....
#.##K@.#..#..#.W#.....
#.#()#...##..##.##....
##.##.#####...##..#....
##...##..#....##.#.#....
##....##..##.###.. ##)<..
#....##.##.###...###....#
#...©#..^#.....#.#......#
#....##......∩##.##....##
#.....##W.#.....#,##.).#.


You could see a big kobold.

Vanquished Creatures
  A thrashing horror (Abyss:2)
  A shock serpent zombie (Abyss:2)
  An ancient zyme (D:5)
  Grinder (D:5)
  The ghost of EWolf27 the Digger, an amateur GrEE (D:5)
  Sigmund (D:5)
  A ynoxinul (Abyss:2)
  A necrophage (D:4)
  2 phantoms
  3 ogres (D:5)
  A crimson imp (D:5)
  A jelly (D:5)
  7 orc priests
  A gnoll shaman (D:4)
  2 hounds
  8 orc wizards
  3 worker ants
  A killer bee zombie (D:5)
  A hound skeleton (D:5)
  A howler monkey skeleton (D:5)
  6 gnolls (D:4)
  6 adders
  An ufetubus (D:5)
  2 adder zombies (D:5)
  An adder skeleton (D:5)
  3 worms
  2 dart slugs (D:1)
  5 leopard geckos
  11 orcs
  2 giant cockroaches
  7 goblins
  10 hobgoblins
  9 jackals
  3 quokkas
  6 bats
  8 frilled lizards
  A jackal skeleton (D:4)
  3 kobolds
125 creatures vanquished.

Notes
Turn   | Place    | Note
-------+----------+-------------------------------------------
     0 | D:1      | Delamore the Gargoyle Fighter began the quest for the Orb.
     0 | D:1      | Reached XP level 1. HP: 14/14 MP: 1/1
    60 | D:1      | Reached XP level 2. HP: 19/19 MP: 2/2
   110 | D:1      | Reached skill level 3 in Maces & Flails
   639 | D:1      | Reached XP level 3. HP: 22/23 MP: 3/3
   959 | D:2      | Reached skill level 4 in Maces & Flails
  1243 | D:2      | Reached XP level 4. HP: 25/28 MP: 4/4
  1993 | D:3      | Reached skill level 5 in Maces & Flails
  2004 | D:2      | Reached XP level 5. HP: 10/32 MP: 5/5
  2693 | D:5      | Entered Level 5 of the Dungeon
  2697 | D:5      | Noticed an ogre
  2973 | D:4      | Reached skill level 6 in Maces & Flails
  2995 | D:4      | Reached XP level 6. HP: 9/37 MP: 6/6
  3442 | D:4      | Reached skill level 7 in Maces & Flails
  3480 | D:4      | Reached XP level 7. HP: 34/41 MP: 7/7
  4051 | D:4      | Reached skill level 8 in Maces & Flails
  4352 | D:5      | Reached skill level 9 in Maces & Flails
  4352 | D:5      | Reached XP level 8. HP: 27/46 MP: 8/8
  4506 | D:5      | Noticed Sigmund
  4568 | D:5      | Killed Sigmund
  4629 | D:5      | Noticed an ancient zyme
  4632 | D:5      | Found a one-way gate to the infinite horrors of the Abyss.
  4632 | D:5      | Noticed EWolf27's ghost (amateur GrEE)
  4633 | D:5      | Identified the +4 whip of a Gauntlet {distort, Dex+4}
  4638 | D:5      | Found a transporter.
  4754 | D:5      | Reached skill level 10 in Maces & Flails
  5129 | D:3      | Found a snail-covered altar of Cheibriados.
  5228 | D:5      | Found a transporter.
  5381 | D:5      | Noticed Grinder
  5399 | D:5      | Killed Grinder
  5399 | D:5      | Reached skill level 11 in Maces & Flails
  5399 | D:5      | Reached XP level 9. HP: 25/51 MP: 9/9
  5994 | D:5      | Gained mutation: Your large and strong wings let you fly
                  | indefinitely. [potion of mutation]
  5994 | D:5      | Gained mutation: You are surrounded by a mild repulsion
                  | field. (EV +2) [potion of mutation]
  6002 | D:5      | Killed an ancient zyme
  6016 | D:5      | Killed EWolf27's ghost
  6115 | D:5      | Cast into level 1 of the Abyss (big kobold)
  6147 | Abyss:1  | Noticed a worldbinder
  6198 | Abyss:1  | Noticed an orange demon
  6238 | Abyss:1  | Noticed a lich
  6256 | Abyss:2  | Noticed a thrashing horror
  6292 | Abyss:2  | Noticed a worldbinder
  6336 | Abyss:2  | Lost mutation: Your large and strong wings let you fly
                  | indefinitely. [potion of mutation]
  6336 | Abyss:2  | Lost mutation: You are surrounded by a mild repulsion
                  | field. (EV +2) [potion of mutation]
  6336 | Abyss:2  | Gained mutation: You are covered in fur. (AC +1) [potion of
                  | mutation]
  6336 | Abyss:2  | Gained mutation: You passively map a small area around you.
                  | [potion of mutation]
  6352 | Abyss:2  | Killed a thrashing horror
  6352 | Abyss:2  | Reached skill level 12 in Maces & Flails
  6372 | Abyss:2  | Reached skill level 13 in Maces & Flails
  6396 | D:5      | Escaped the Abyss
  6407 | D:5      | Slain by a big kobold

Illustrated notes

Levels and vault maps discovered:
D:1:      mrwooster_arrival_statue_3, layout_rooms, minmay_misc_feat_encased
D:2:      layout_basic
D:3:      lemuel_upstairs_altar, layout_rooms, first_ration
D:4:      layout_rooms
D:5:      layout_cave_pods, gammafunk_ghost_abyssal_escape,
          hangedman_minor_gate_pass, uniq_grinder, uniq_sigmund

Skill      XL: |  1  2  3  4  5  6  7  8  9 |
---------------+----------------------------+-----
Maces & Flails | 3 4 5 6 7 9 11 13 | 13.2
Fighting       | |  3.2
Armour         | |  3.2
Shields        | |  3.2

Action                   |  1- 3 |  4- 6 |  7- 9 || total
-------------------------+-------+-------+-------++-------
Melee: Flail             |   170 |   172 |   269 ||   611
Throw: Dart              |       |     9 |    27 ||    36
       Javelin           |       |     4 |    10 ||    14
  Use: Scroll            |       |       |     9 ||     9
       Potion            |       |       |     9 ||     9
  Eat: Chunk             |     1 |     8 |     5 ||    14
       Ration            |       |       |     1 ||     1
Armor: Scale mail        |   141 |   126 |   150 ||   417
       Skin              |       |       |    19 ||    19
Dodge: Dodged            |    61 |    69 |   169 ||   299
Block: Kite shield       |   103 |   130 |   179 ||   412
